[Event "US Masters 2022"]
[Site "Charlotte"]
[Date "2022.11.27"]
[Round "7.13"]
[White "Negi, Parimarjan"]
[Black "Hilby, Craig"]
[Result "1-0"]
[ECO "C11"]
[WhiteElo "2639"]
[BlackElo "2411"]
[Annotator "TA"]
[PlyCount "98"]
[EventDate "2022.11.23"]
[EventType "swiss"]
[EventCountry "USA"]
[SourceTitle "playchess.com"]
[Source "ChessBase"]
[SourceQuality "1"]
[TimeControl "5400+30"]

1. e4 e6 2. d4 d5 3. Nc3 Nf6 4. e5 Nfd7 5. f4 c5 6. Nf3 Nc6 7. Ne2 f6 {[%emt 0:00:43] 7...Be7 is the modern continuation.} 8. c3 Qb6 (8... Be7 {simplifies} 9. g3 O-O 10. Bh3 cxd4 11. Nexd4 Nxd4 12. cxd4 fxe5 13. fxe5 Nb8) 9. h4 {[%emt 0:14:26] C11: French: Classical System: 4 e5 and 4 Bg5 dxe4.} Be7 {[%emt 0:00:09] [#]} 10. Ng3 $146 (10. Qc2 $11) ({Predecessor:} 10. Rh3 O-O 11. a3 a5 12. h5 a4 13. Rg3 f5 14. c4 Na5 15. cxd5 exd5 16. Qxa4 cxd4 {1-0 (32) Fridman,D (2615)-Bachmann,A (2599) Chess.com INT 2020}) 10... cxd4 $1 $17 11. cxd4 {[%emt 0:00:18] Black is better.} Bb4+ (11... Nxd4 {simplifies} 12. Nxd4 fxe5 13. Nf3 Bc5) 12. Ke2 $1 O-O 13. Be3 $1 fxe5 14. fxe5 Ba5 15. Rb1 Qc7 16. Rc1 (16. Rh3 $11 {keeps the balance.}) 16... Bb6 (16... Qb6 17. Rb1 $15) (16... Nf6 $1 $17 {Threatens to win with ...Ne4.} 17. Qd3 Ng4) 17. Kd2 {[%emt 0:18:01] [#]} (17. Qe1 $11) 17... Ba5+ (17... Nf6 $1 $17 {[%cal Rf6g4] Hoping for ...Ng4.} 18. Bd3 Ba5+ 19. Ke2 Ng4) 18. b4 $2 (18. Ke2 $1 $11) 18... Bxb4+ 19. Ke2 Qb8 (19... Nf6 $19 {And now ...Ng4 would win.} 20. Qb3 a5) 20. Kf2 {[%emt 0:21:25] [#]} (20. h5 $15) 20... Ndxe5 $1 21. dxe5 Nxe5 {[%emt 0:00:44] ...Ng4+ is the strong threat.} (21... Qxe5 22. Bd3 $15) 22. Qd4 {[%emt 0:00:54] Inhibits Ng4+.} Bd6 {[%emt 0:03:36] aiming for ...Nxf3.} 23. Nh5 {[%emt 0:00:51] [#]} (23. Rh3 $17) 23... Rf5 $2 (23... Bd7 $1 $19 {Strongly threatening ...Qe8.} 24. Nxg7 b6) 24. Nxg7 $11 Kxg7 25. Bd3 $36 {[%emt 0:01:37][%mdl 2048] White has the initiative.} Rf6 26. Bb1 (26. Bg5 $11 Nxd3+ 27. Kg1 Nxc1 28. Qxf6+ Kg8 29. Qd8+ Kf7 30. Qf6+ Kg8 31. Qd8+ Kf7 32. Qf6+ Kg8) 26... Nxf3 ({Black should try} 26... Bd7 $15 27. Rh3 Nc6) 27. gxf3 $14 {[%emt 0:00:06] Chess con chili.} e5 $4 (27... Bd7 $1 $14) 28. Rhg1+ $18 (28. Qxd5 Bd7 29. Rhg1+ Kh8 $18) 28... Kf7 29. Qxd5+ Be6 30. Qd3 Bf5 31. Qb5 {[%emt 0:03:23] White wants to mate with Bxf5.} a6 32. Qb2 (32. Qa4 b5 33. Qd1 Bxb1 $18) 32... e4 $2 (32... Be6 33. Be4 (33. Bxh7 Bd5 $18) 33... Be7) 33. a4 {[%emt 0:03:52] Black must now prevent Ba2+.} Be5 34. Ba2+ Be6 35. Bxe6+ {[%emt 0:00:06][%mdl 64] Remove Defender} Rxe6 36. Qb3 Qd8 37. Rg5 (37. fxe4 Qxh4+ 38. Ke2 Qh5+ 39. Ke1 (39. Kd2 $2 Qh2+ 40. Ke1 Bg3+ 41. Kf1 Rf8 $19) 39... Qh4+ 40. Ke2 Qh5+ 41. Ke1 (41. Kd2 $2 Qh2+ 42. Ke1 Bg3+ 43. Kf1 Rf8 $19) 41... Qh4+ 42. Ke2 $11) (37. Qxb7+ Re7 38. Qb4 (38. Qxe4 Bg3+ 39. Kxg3 Rxe4 $17) 38... Qd3 $11) 37... Rb8 (37... Bf6 $142 38. Qxb7+ Re7 39. Qb3+ Re6 40. Qb7+ Re7 41. Qb3+ Re6) 38. f4 (38. Rxe5 $2 Qxh4+ 39. Kf1 (39. Kg2 $2 Rg8+ 40. Kf1 Qh1+ 41. Ke2 Qxf3+ 42. Ke1 Rg1+ 43. Bxg1 Qxb3 $19) 39... Qh3+ 40. Ke2 Qh2+ 41. Kf1 Qh3+ 42. Ke2 Qh2+ 43. Kf1 Qxe5 $19) 38... Bd4 39. Rf5+ (39. f5 Bxe3+ 40. Qxe3 (40. Kxe3 Qb6+ 41. Qxb6 Rxb6 $16) 40... Re5 $18) 39... Bf6 40. Rd1 Qe7 41. Bc5 Qc7 42. Bd4 $2 (42. Rd6 Qe7 43. Qd5) 42... Ke7 43. Bc5+ $2 (43. a5 Rc8 44. Bc5+ Kf7 45. Rd6) 43... Kf7 44. Rd6 {[%emt 0:00:38] Prevents e3+.} Rbe8 45. Qd5 R8e7 {[%emt 0:02:32] [#]} 46. Rxf6+ $1 Kxf6 47. Qe5+ ({Inferior is} 47. Bd4+ Kf7 48. Bc5 (48. Qf5+ Ke8 $17) 48... Ke8 49. Qh5+ (49. Rxe6 Qxf4+ 50. Ke1 Qg3+ 51. Kd2 Qg2+ 52. Kc1 Qf1+ 53. Kd2 Qg2+ 54. Ke1 Qh1+ 55. Ke2 Qg2+ 56. Ke1 Qh1+ 57. Ke2 Qg2+ 58. Ke1 $11) 49... Rg6 $11) (47. Rxe6+ $142 Rxe6 48. Qg5+ Kf7 49. Qf5+ Rf6 50. Qxh7+ (50. Qxe4 Rxf4+) 50... Ke6 51. Qxc7 b6 52. Qe7+ Kd5 53. Qxf6) 47... Kf7 {[%emt 0:00:09] White is clearly winning.} 48. Rxe6 (48. Qf5+ $142 Kg7 49. Rxe6 (49. Bd4+ Kg8 $17) 49... Qxc5+ 50. Qxc5 Rxe6 51. Qg5+ Kf7 52. Qf5+ Rf6 53. Qxh7+ Kf8 54. Qxe4) 48... Qxc5+ 49. Qxc5 Kxe6 {[%emt 0:00:07] Weighted Error Value: White=0.69/Black=0.68} 1-0

[Event "US Masters 2022"]
[Site "Charlotte"]
[Date "2022.11.27"]
[Round "7.14"]
[White "Theodorou, Nikolas"]
[Black "Wang, Kevin"]
[Result "1/2-1/2"]
[ECO "E97"]
[WhiteElo "2598"]
[BlackElo "2407"]
[Annotator "TA"]
[PlyCount "123"]
[EventDate "2022.11.23"]
[EventType "swiss"]
[EventCountry "USA"]
[SourceTitle "playchess.com"]
[Source "ChessBase"]
[SourceQuality "1"]
[TimeControl "5400+30"]

1. d4 Nf6 2. Nf3 g6 3. c4 Bg7 4. Nc3 O-O 5. e4 d6 6. Be2 e5 7. O-O Nc6 8. d5 Ne7 9. b4 a5 10. bxa5 Rxa5 11. a4 Ne8 {[%emt 0:00:47] is now debated instead of 11...Nd7. E97: King's Indian: Classical Main Line (6...e5 7 0-0 Nc6): 8 Be3 and 8 d5 Ne7, not 9 Ne1.} 12. Nd2 b6 13. Nb3 Ra8 {[%emt 0:01:27] White is slightly better.} 14. a5 bxa5 {[%emt 0:01:49] [#]} 15. Rxa5 $146 (15. Nxa5 $5 Ba6 16. c5 $14) ({Predecessor:} 15. Nxa5 Bd7 16. c5 dxc5 17. Nb7 Qc8 18. Rxa8 Qxa8 19. Nxc5 Bc8 20. Bg5 f6 21. Be3 {1-0 (54) Cheparinov,I (2664)-Petrovskiy,V (2239) Warsaw 2021}) 15... Rb8 16. Ra7 f5 17. Na5 {[%emt 0:02:06] White is much more active.} (17. f3 {keeps more tension.} c5 18. Bg5 Bf6 19. Bd2) 17... fxe4 18. Nxe4 (18. c5 $14) 18... Bf5 $1 $11 19. Nc3 Ra8 20. Nb5 Bd7 {[%emt 0:04:13] [#] White must now prevent ...Bxb5.} 21. Qb3 Nf5 {[%emt 0:15:02] ...Bxb5 is the strong threat.} 22. Rxa8 Qxa8 23. Qb4 e4 24. Bd2 Nd4 25. Nxd4 Bxd4 26. Nb3 Be5 27. Bc3 $1 Bxc3 28. Qxc3 Qa7 29. c5 Nf6 30. Ra1 (30. Bc4 $16) 30... Qb8 $1 $14 31. Nd4 {[%emt 0:00:02] Against Bb5. With the idea Bc4.} dxc5 (31... e3 {with more complications.} 32. f3 Nxd5 33. Bc4 Be6) 32. Qxc5 Qb2 33. Rf1 Qb6 34. Qxb6 cxb6 35. Rb1 Rc8 36. Rxb6 Rc1+ 37. Bf1 Kf7 (37... Nxd5 $2 38. Rd6 Nf4 39. Rxd7 $18) 38. d6 Rd1 39. Nc2 Ne8 40. Ne3 Rxd6 41. Rb7 Nf6 42. h3 Rd2 43. Bb5 Ke7 44. g4 h6 45. h4 Ne8 (45... Ke6 $11) 46. Bc6 (46. Nc4 $16 Rd5 47. Bc6 Rd1+ 48. Kg2) 46... Kd8 ({Black should play} 46... Nf6 $14) 47. Rb8+ Ke7 ({Weaker is} 47... Kc7 48. Rxe8 (48. Bxd7 Kxd7 49. Rb7+ Nc7 $16) 48... Bxc6 49. Rh8 $16) 48. Bxe4 Nf6 49. Bf3 Rd4 50. Rb7 Ke8 51. Rb6 Nxg4 ({Black should try} 51... Kf7 $1 $14) 52. Bxg4 $16 ({Much worse is} 52. Rxg6 $6 Ne5 53. Rg3 Rxh4 $11) 52... Bxg4 53. Rxg6 $14 {[%emt 0:00:10][%mdl 4096] Endgame KRB-KRN} h5 54. Kg2 (54. Nxg4 $18 {is more deadly.} hxg4 55. Kg2) 54... Kf7 $16 55. Rg5 Rf4 56. Nd5 Rf3 57. Ne3 Rf4 58. Nf1 Bd1 {[%emt 0:02:52] The position is equal.} 59. Rd5 Be2 60. Ne3 {[%emt 0:00:58] White wants to play Rf5+.} Rxh4 61. Rd2 Bb5 62. f3 {[%emt 0:00:16] Weighted Error Value: White=0.14 (very precise) /Black=0.13 (very precise)} 1/2-1/2

[Event "US Masters 2022"]
[Site "Charlotte"]
[Date "2022.11.27"]
[Round "7.15"]
[White "Kavutskiy, Konstantin"]
[Black "Gazik, Viktor"]
[Result "0-1"]
[ECO "B07"]
[WhiteElo "2383"]
[BlackElo "2564"]
[Annotator "TA"]
[PlyCount "134"]
[EventDate "2022.11.23"]
[EventType "swiss"]
[EventCountry "USA"]
[SourceTitle "playchess.com"]
[Source "ChessBase"]
[SourceQuality "1"]
[TimeControl "5400+30"]

1. d4 d6 2. e4 Nf6 3. Nc3 g6 4. Be3 c6 5. Qd2 Nbd7 6. Nf3 Qc7 7. Bh6 {[%emt 0:03:56] B07: Pirc Defence: Miscellaneous Systems.} b5 8. Bd3 Bb7 9. a3 {[%emt 0:04:21] White is slightly better.} a6 10. O-O e5 {[%emt 0:01:54] [#]} 11. Rae1 $146 (11. dxe5 $14 Nxe5 12. Nxe5 dxe5 13. Rad1) ({Predecessor:} 11. Bxf8 Nxf8 12. dxe5 dxe5 13. Qg5 N8d7 14. Qh6 c5 15. Be2 Bxe4 16. Nxe4 Nxe4 17. a4 {1-0 (44) Muehlenweg,H (2295)-Hansen,M (2384) ICCF email 2003}) 11... Qd8 12. h3 Bxh6 13. Qxh6 Nh5 14. Ne2 Qf6 15. c3 Qg7 16. Qd2 O-O 17. Nh2 c5 18. Bb1 exd4 19. cxd4 cxd4 (19... Rad8 {simplifies} 20. Ng4 Nhf6 21. Nxf6+ Qxf6 22. d5 Rc8) 20. Nxd4 Ne5 (20... Rae8 {simplifies} 21. Ng4 Nhf6 22. Nf3 Nxg4 23. hxg4 Nc5) 21. Ba2 Rac8 22. Nhf3 Qf6 23. Kh2 Nf4 (23... Qf4+ {simplifies} 24. Qxf4 Nxf4 25. Re3 Nc4) 24. Re3 Nc4 25. Bxc4 Rxc4 26. Rc1 Rfc8 27. Rxc4 Rxc4 (27... bxc4 $11 28. b3 c3 29. Rxc3 Rxc3 30. Qxc3 Bxe4) 28. b3 ({Only move:} 28. e5 $1 $16 Qd8 29. e6 fxe6 30. Nxe6 Nxe6 31. Rxe6) 28... Rc8 $11 29. Qa5 Re8 (29... Ne6 $11 30. Qb6 Nxd4 31. Qxb7 Qf4+ 32. g3 Nxf3+ 33. Kg2 Nh4+ 34. gxh4 Rc1) 30. Qb6 $1 $14 Qe7 31. Rc3 {[%emt 0:06:58] Strongly threatening Rc7.} Bxe4 {[%emt 0:00:47][%cal Ob5b4] Hoping for ...b4!} (31... Qxe4 $2 32. Re3 $18 (32. Qxd6 Nd5 $11)) 32. Qxa6 Nd5 33. Rc1 b4 34. Re1 (34. a4 $14) 34... bxa3 35. Qxa3 Nf6 36. b4 d5 37. Qb2 Nd7 (37... Qc7+ {is more complex.} 38. g3 Rc8 39. Nd2 Qc3) 38. Kg1 Nb6 (38... Qf6 $14) 39. b5 (39. Nc6 $16 Qf8 40. Ng5) 39... Nc4 40. Qc1 {[%emt 0:00:29] Nc6 is the strong threat.} (40. Qc3 {looks sharper.} Qf6 41. Nd2 Rc8 42. N2b3) 40... Qb4 41. Qa1 h5 {[%emt 0:00:39] [#]} 42. Ng5 {[%emt 0:02:12] Pair of Knights!} (42. Nc6 $1 $16 Qxb5 43. Nfd4) 42... Qd2 43. Ngf3 (43. h4 {keeps more tension.} Nd6 44. Rc1 Qf4 45. g3) 43... Qb4 44. Nc6 {[%emt 0:02:06] Inhibits Qa5.} Qxb5 45. Nfd4 Qc5 {[%emt 0:01:07] [#]} 46. f3 $1 Rc8 47. Qa6 {[%emt 0:01:20][%mdl 8192] [#]} (47. Kh1 $16 Rxc6 48. Nxc6 Qxc6 49. fxe4 dxe4 50. Rd1) 47... Rxc6 $1 $19 48. Qxc6 Qxd4+ 49. Kh1 Bf5 50. Re8+ Kg7 51. Qc7 Qa1+ 52. Kh2 Qf6 53. Kh1 Qa1+ 54. Kh2 Qf6 55. Kh1 $1 Be6 56. Qc5 Qa1+ 57. Kh2 Qe5+ 58. Kh1 Qa1+ 59. Kh2 Qe5+ 60. Kh1 $1 Kh7 61. Qf8 Qa1+ 62. Kh2 Qe5+ 63. Kh1 $1 Qa1+ 64. Kh2 Qg7 {[%emt 0:00:03] Inhibits Qg8+.} 65. Qc5 Qe5+ 66. Kh1 Nd6 67. Ra8 h4 {[%emt 0:05:44] Weighted Error Value: White=0.23 (precise) /Black=0.60} 0-1

[Event "US Masters 2022"]
[Site "Charlotte"]
[Date "2022.11.27"]
[Round "7.16"]
[White "Druska, Juraj"]
[Black "Sethuraman, Sandeep"]
[Result "1-0"]
[ECO "B50"]
[WhiteElo "2511"]
[BlackElo "2371"]
[Annotator "TA"]
[PlyCount "65"]
[EventDate "2022.11.23"]
[EventType "swiss"]
[EventCountry "USA"]
[SourceTitle "playchess.com"]
[Source "ChessBase"]
[SourceQuality "1"]
[TimeControl "5400+30"]

1. e4 c5 2. Nf3 d6 3. Nc3 Nf6 4. e5 dxe5 5. Nxe5 a6 6. g3 {[%emt 0:00:06] B50: Sicilian: 2...d6, Miscellaneous.} Nbd7 7. d4 e6 {[%emt 0:04:39] Hoping for ...cxd4.} 8. Be3 {[%emt 0:00:10] The position is equal.} Qc7 9. Qe2 cxd4 10. Bxd4 Bc5 11. Bxc5 Qxc5 12. Nd3 Qc6 13. Rg1 O-O 14. O-O-O Rb8 15. g4 {[%emt 0:05:51][%cal Bg3g4,Bg4g5][%mdl 32] [#]} b5 $146 ({Predecessor:} 15... Nd5 16. Nxd5 Qxd5 17. Kb1 e5 18. g5 Re8 19. Bg2 Qb5 20. Be4 Nf8 21. h4 Bd7 {1-0 (33) Morawietz,D (2411)-Holtel,J (2210) Germany 2018}) 16. Bg2 {[%emt 0:07:00] Against b4} (16. g5 $5 Nd5 17. Nxd5 Qxd5 18. Nb4 $11) 16... Qc4 17. g5 {[%emt 0:00:54] Prevents b4.} Ne8 18. Kb1 Nd6 19. h4 b4 {[%emt 0:09:42] Against h5} 20. Ne4 Nb5 (20... Nf5 $14) 21. Nc1 (21. Qg4 $16 {[%cal Oe4f6] Nf6+! is the strong threat.} Kh8 22. Nf6 $1 Qxg4 23. Nxg4) 21... Qxe2 $14 22. Nxe2 Nb6 23. Nd4 Nxd4 24. Rxd4 a5 25. h5 (25. Nc5 $14) 25... e5 26. Rd3 Bf5 27. b3 Bg4 (27... Rfd8 $11 {keeps the balance.}) 28. h6 $16 Rfd8 {[%emt 0:00:21] [#]} 29. Nc5 {[%emt 0:02:28] White is more active.} (29. Nd6 $1 $16) 29... Bf5 $1 $11 30. Be4 Nd7 $2 (30... Bxe4 $11 {and Black stays safe.} 31. Rxd8+ Rxd8 32. Nxe4 Rd4) 31. Rgd1 $18 {[%emt 0:00:42] White is clearly winning.} Re8 32. Nxd7 Bxe4 33. Re3 {[%emt 0:00:05] Weighted Error Value: White=0.13 (very precise) /Black=0.33} 1-0

[Event "US Masters 2022"]
[Site "Charlotte"]
[Date "2022.11.27"]
[Round "7.17"]
[White "Escobar Forero, Alder"]
[Black "Williams, Justus"]
[Result "1-0"]
[ECO "B42"]
[WhiteElo "2510"]
[BlackElo "2395"]
[Annotator "TA"]
[PlyCount "85"]
[EventDate "2022.11.23"]
[EventType "swiss"]
[EventCountry "USA"]
[SourceTitle "playchess.com"]
[Source "ChessBase"]
[SourceQuality "1"]
[TimeControl "5400+30"]

1. e4 c5 2. Nf3 e6 3. d4 cxd4 4. Nxd4 a6 5. Bd3 Bc5 6. Nb3 Be7 7. Qe2 {[%emt 0:01:48] B42: Sicilian: Kan Variation: 5 Bd3.} d6 8. Be3 {[%emt 0:00:24] has lost popularity (8.0-0).} Nc6 9. N1d2 {[%emt 0:01:10] White has an edge.} Nf6 10. f4 Nb4 11. O-O O-O 12. Nd4 {[%emt 0:04:02] [#]} Bd7 $146 ({Predecessor:} 12... Qc7 13. Kh1 b5 14. a3 Nxd3 15. cxd3 Bb7 16. b4 Rac8 17. N2b3 Qd7 18. Ra2 g6 {0-1 (43) Vaseptsov,M (2223)-Maletin,P (2596) Izhevsk 2012}) 13. e5 Ne8 {[%emt 0:12:26] [#]} (13... dxe5 $11 {keeps the balance.} 14. fxe5 Nfd5) 14. Bxh7+ $1 $16 Kxh7 15. Qh5+ Kg8 16. Rf3 $1 {[%emt 0:00:24] White is more active.} f5 {[%emt 0:04:10] Inhibits Ne4.} 17. Rh3 Nd5 18. Re1 {[%emt 0:18:10] And now N2f3 would win.} dxe5 $2 (18... Nef6 $16 19. exf6 Nxf6) 19. Qh7+ (19. fxe5 Nxe3 20. Rexe3 Bc5 $11) 19... Kf7 {[%emt 0:00:11] [#]} 20. N2f3 $1 Bf6 (20... exd4 $2 21. Ne5+ Kf6 22. Qg6#) (20... Bb4 21. Nxe5+) 21. fxe5 Nxe3 22. Rxe3 (22. exf6 Qxf6 23. Rxe3 Ke7 $18) 22... Be7 23. Nxf5 $2 Bc5 $11 (23... exf5 $2 24. e6+ Bxe6 25. Ne5+ Kf6 26. Qg6#) 24. Qh5+ Kg8 25. Qh7+ Kf7 26. Qh5+ Kg8 27. N5d4 Bb5 (27... Rf4 $1 $11 28. c3 (28. Ng5 Qxg5 29. Qxg5 Rxd4 $11) 28... Bb5) 28. c3 (28. Nxe6 $2 Bxe3+ 29. Kh1 Qd1+) (28. Rh4 $1 $14 Rf5 29. Nxf5 exf5 30. Qh7+ Kf8 31. Qxf5+ Ke7 32. Qg5+ Kd7 33. Qg4+ (33. Qf4 Nc7 $15) 33... Ke7 34. Qg5+ Kd7 35. Qg4+ (35. Qf4 Nc7 $15) 35... Ke7 36. Qg5+) 28... Rf5 $2 29. Qh7+ $2 (29. Nxf5 Qd1+ 30. Kf2 exf5 31. Qh7+ (31. Nd4 $2 Qf1+ 32. Kg3 f4+ 33. Kg4 Bd7+ 34. Kg5 Qxg2+ 35. Kxf4 Nf6 $19) 31... Kf8 32. Qxf5+ Ke7 33. Qg5+ Kd7 $11) (29. Qg6 Qd5 $11) ({White must play} 29. Qh8+ $1 $18 Kf7 30. g4 Bxd4 31. cxd4 Rxf3 32. Rhxf3+ Ke7 33. Qf8+ Kd7 34. Rc3 (34. Rf7+ Kc8 $16)) 29... Kf7 (29... Kf8 $1 $14) 30. Nxf5 $2 {[%emt 0:00:31] Really sharp!} (30. g4 $1 $18 Bxd4 31. cxd4 Rxf3 32. Rexf3+ (32. Rhxf3+ Ke7 $16) 32... Ke7 33. Qh4+ Kd7 34. Rf7+ Kc6 35. d5+ Qxd5 36. Rc3+ Bc4 37. Rc1 (37. Qe7 b5 $15)) 30... Qd1+ $17 {[%emt 0:01:17][%mdl 64] Zwischenzug} 31. Kf2 {[%emt 0:00:01] White threatens Ng5+ and mate.} Qc2+ ({Don't do} 31... exf5 32. Qxf5+ Ke7 33. Qg5+ Kd7 34. Nd4 Bxd4 35. cxd4 Qxd4 36. Rhf3 $11 (36. Kg3 Qxb2 37. Rh8 Kc7 $11)) (31... Qe2+ $6 32. Kg3 Bxe3 33. Qh5+ Kf8 34. Qh8+ Kf7 35. Qh5+ Kf8 36. Qh8+ Kf7 37. Qh5+ $11) (31... Bxe3+ $17 32. Nxe3 (32. Kxe3 Qc1+ 33. Kf2 Qc2+ 34. Ke3 Qxf5 $17) 32... Qe2+ 33. Kg3 Qxe3 34. Qh5+ Ke7) 32. Kg3 $15 {[%emt 0:00:49] White wants to mate with Ng5+.} Qxf5 33. Qxf5+ ({White should try} 33. Re1 $11) 33... exf5 34. Re1 Rd8 (34... Nc7 $17 35. Rh5 Bd7) 35. Rh8 $11 Rd3 {[%emt 0:01:32] Strongly threatening ...g6.} 36. Kf4 $36 {[%emt 0:00:12][%mdl 2048] Black is under pressure.} Bf2 {[%emt 0:00:17] A strong pair of Bishops.} 37. e6+ (37. Re2 $5 Bb6 38. Re1 $11 (38. Kxf5 $2 {too greedy.} Rxf3+ 39. gxf3 Bxe2 $19)) 37... Ke7 38. Re5 $1 Rd8 ({Much less strong is} 38... Nd6 39. Rg8 $14) (38... Bc6 $11 {remains equal.}) 39. Rxf5 $16 {[%emt 0:00:32] Threatens to win with Rf7+.} Kxe6 {[%emt 0:00:59] [#]} (39... Rc8 $16) 40. Ng5+ $1 $18 Kd7 {[%emt 0:00:16] [#]} 41. Rf7+ $1 Kc8 42. Ne6 $1 Rd7 (42... g5+ $18 43. Kxg5 Be3+ 44. Kh4 Rd2) 43. Rxe8+ {[%emt 0:00:11] Weighted Error Value: White=0.36/Black=0.71} 1-0

[Event "US Masters 2022"]
[Site "Charlotte"]
[Date "2022.11.27"]
[Round "7.18"]
[White "Brodsky, David"]
[Black "Ippolito, Dean"]
[Result "1/2-1/2"]
[ECO "C65"]
[WhiteElo "2509"]
[BlackElo "2368"]
[Annotator "TA"]
[PlyCount "96"]
[EventDate "2022.11.23"]
[EventType "swiss"]
[EventCountry "USA"]
[SourceTitle "playchess.com"]
[Source "ChessBase"]
[SourceQuality "1"]
[TimeControl "5400+30"]

1. e4 e5 2. Nf3 Nc6 3. Bb5 Nf6 4. d3 Bc5 5. Bg5 h6 6. Bh4 {[%emt 0:00:16] C65: Ruy Lopez: Berlin Defence (3...Nf6), unusual lines and 4 0-0 Bc5.} Nd4 7. Nxd4 Bxd4 8. c3 Bb6 9. Nd2 c6 10. Ba4 d6 11. Nc4 Bc7 12. Ne3 {[%emt 0:00:32] [#]} Be6 $146 ({Predecessor:} 12... Bb6 13. Bb3 g5 14. Bg3 Bxe3 15. fxe3 Bg4 16. Qd2 Nh5 17. O-O O-O 18. Be1 Qe7 {½-½ (68) Carlsen,M (2837)-So,W (2788) London 2017}) 13. Bb3 Qe7 14. Qf3 g5 15. Bg3 h5 {[%emt 0:10:07] [#] aiming for ...g4.} 16. h4 g4 17. Qe2 d5 (17... O-O-O $11 {remains equal.}) 18. exd5 $16 Nxd5 19. Nxd5 Bxd5 20. Bxd5 cxd5 21. d4 O-O-O 22. dxe5 (22. Bxe5 $2 Rde8 23. f4 gxf3 24. gxf3 f6 $19) 22... Bxe5 23. Bxe5 ({Reject} 23. Qxe5 Qxe5+ 24. Bxe5 Rhe8 $11) 23... Rhe8 {[%emt 0:00:06] [#]} 24. O-O-O $1 Qxe5 25. Qd2 Qe4 26. Rhe1 (26. g3 $5 ) 26... Qxg2 27. Rxe8 Rxe8 28. Qxd5 Qxd5 29. Rxd5 $11 {[%emt 0:00:03][%mdl 4096] Endgame KR-KR} Re2 30. Rf5 Kd7 {[%emt 0:00:09] White must now prevent ...Ke6.} 31. Rxf7+ Ke6 32. Rf8 Kd5 33. Kb1 Ke4 34. Rf7 b5 35. a4 $1 (35. Rxa7 $2 {is the wrong capture.} Rxf2 36. Rg7 Kf4 $19) 35... bxa4 36. Ka2 a6 (36... Rd2 $15) 37. Ka3 {[%emt 0:01:52] The position is equal.} Rc2 38. Rf6 a5 39. Rf8 Re2 40. c4 {[%emt 0:07:07] Re8+ is the strong threat.} Kd4 41. Rf4+ Ke5 42. Rf8 {[%emt 0:00:15] White threatens Re8+ and mate.} Kd4 43. Rf5 Kxc4 44. Rxh5 Rxf2 (44... Re1 $5 45. Ka2 $8 a3 $11) 45. Rxa5 g3 46. Rxa4+ Kb5 47. Rg4 Rh2 48. Rxg3 Rxh4 {[%emt 0:00:00] Weighted Error Value: White=0.03 (flawless) /Black=0.09 (flawless)} 1/2-1/2

[Event "US Masters 2022"]
[Site "Charlotte"]
[Date "2022.11.27"]
[Round "7.19"]
[White "Rodriguez Garcia, Victor"]
[Black "Budisavljevic, Luka"]
[Result "0-1"]
[ECO "B43"]
[WhiteElo "2350"]
[BlackElo "2505"]
[Annotator "TA"]
[PlyCount "84"]
[EventDate "2022.11.23"]
[EventType "swiss"]
[EventCountry "USA"]
[SourceTitle "playchess.com"]
[Source "ChessBase"]
[SourceQuality "1"]
[TimeControl "5400+30"]

1. e4 c5 2. Nf3 e6 3. Nc3 a6 4. d4 cxd4 5. Nxd4 b5 6. Bd3 Qb6 7. Nb3 Qc7 8. O-O Bb7 9. Qe2 b4 {[%emt 0:00:06] B43: Sicilian: Kan Variation: 5 Nc3.} 10. Nd1 Nf6 11. f4 a5 {[%emt 0:00:08] White is slightly better.} 12. e5 {[%emt 0:03:13] Against a4} Nd5 13. Ne3 Be7 14. Nxd5 Bxd5 15. Be3 Nc6 {[%emt 0:01:30] [#]} 16. Nd2 $146 ({Predecessor:} 16. Nd4 Nxd4 17. Bxd4 Rc8 18. b3 O-O 19. Kh1 f5 20. exf6 Bxf6 21. Qh5 h6 22. Be5 {0-1 (60) Frisk,E (2126)-Bazeev,G (2334) Stockholm 2011}) 16... f5 {[%emt 0:15:14] [#]} 17. exf6 (17. Bc4 $1 $16) 17... Bxf6 $11 18. c4 bxc3 19. bxc3 {[%emt 0:00:16][%cal Oc3c4] aiming for c4!} Ne7 {[%emt 0:09:11] Against c4} 20. Rac1 O-O 21. c4 (21. Qh5 g6 22. Qe2 Nf5 $15) 21... Bc6 22. Ne4 ({Of course not} 22. Qh5 Nf5 23. Bxf5 exf5 $15) 22... Nf5 23. Nxf6+ (23. g3 {is more complex.} Be7 24. Bf2 Rab8 25. Rfe1) 23... Rxf6 24. Bxf5 exf5 25. Bd4 Re6 26. Qd2 Rg6 27. Rf2 Be4 28. c5 Qb7 29. Be5 Rc8 30. h3 h6 31. Kh2 a4 32. Rc3 Kh7 33. Bd6 Re8 34. Be5 Ree6 35. Rc1 Qb5 36. Bd6 $2 {[%emt 0:00:40][%mdl 8192] [#]} (36. Qd4 $11 {and White is okay.}) 36... Bxg2 $1 $19 37. Be5 ({Don't play} 37. Rxg2 Rxg2+ 38. Qxg2 Re2 $19) (37. Bc7 Bb7) 37... Ba8 38. Qd4 (38. Qe2 $142 Qc6 39. Qc2) 38... Qc6 39. Qd2 h5 {[%emt 0:01:35] Hoping for ...h4.} 40. Qc2 Kh6 {[%emt 0:00:28] ( -> ...h4)} 41. h4 Rg4 42. Qxf5 Reg6 {[%emt 0:00:23] Weighted Error Value: White=0.77/Black=0.26 (precise)} 0-1